 Dungeon Crawl Stone Soup version 0.29-a0-620-g13ace881f2 (webtiles) character file.

Game seed: 3656500527924542595

168 frimble the Grasshopper (level 5, -1/51 HPs)
             Began as an Octopode Warper on June 18, 2022.
             Killed from afar by an orc wizard (8 damage)
             ... with a magic dart
             ... on level 4 of the Dungeon.
             The game lasted 00:03:37 (3266 turns).

frimble the Grasshopper (Octopode Warper)           Turns: 3266, Time: 00:03:37

Health: -1/51      AC:  1    Str: 10    XL:     5   Next: 48%
Magic:  8/8        EV: 13    Int: 17    God:
Gold:   116        SH:  0    Dex: 12    Spells: 6/8 levels left

rFire   . . .      SeeInvis .   d - +1 long sword
rCold   . . .      Faith    .   (no shield)
rNeg    . . .      Spirit   .   (helmet restricted)
rPois   .          Reflect  .   (no amulet)
rElec   .          Harm     .   (no ring)
rCorr   .          Rampage  .   (no ring)
Will    .....                   (no ring)
Stlth   ..........              (no ring)
HPRegen 0.17/turn               (no ring)
MPRegen 0.11/turn               (no ring)
                                (no ring)
                                (no ring)

@: confused, berserking, very quick
A: almost no armour, amphibious, 8 rings, camouflage 1, gelatinous body 1,
(nimble swimmer 1), tentacles
a: no special abilities


You were on level 4 of the Dungeon.
You visited 1 branch of the dungeon, and saw 4 of its levels.

You collected 188 gold pieces.
You spent 72 gold pieces at shops.

Inventory:

Hand Weapons
 d - a +1 long sword (weapon)
Missiles
 c - 7 boomerangs of dispersal (quivered)
 g - 8 boomerangs
 p - a throwing net
Scrolls
 b - 2 scrolls of blinking
 j - 2 scrolls of teleportation
 k - a scroll of enchant weapon
 m - 2 scrolls of fog
Potions
 a - 2 potions of attraction
 e - 4 potions of might
 f - a potion of brilliance
 i - a potion of curing
 l - 2 potions of flight
 o - 3 potions of invisibility


   Skills:
 - Level 2.1 Fighting
 + Level 3.4 Long Blades
 - Level 1.1 Throwing
 - Level 2.4 Dodging
 + Level 3.7 Stealth
 - Level 2.0 Spellcasting
 + Level 4.1 Translocations


You had 6 spell levels left.
You knew the following spells:

 Your Spells              Type           Power      Damage    Failure   Level
a - Blink                 Tloc           32%        N/A       5%          2

Your spell library contained the following spells:

 Spells                   Type           Power      Damage    Failure   Level
 Gell's Gravitas          Tloc           16%        N/A       11%         3
 Lesser Beckoning         Tloc           16%        N/A       11%         3
 Teleport Other           Tloc           16%        N/A       11%         3
 Passage of Golubria      Tloc           16%        N/A       34%         4
 Manifold Assault         Tloc           16%        N/A       67%         5
 Silence                  Hex/Air        0%         N/A       99%         5
 Lehudib's Crystal Spear  Conj/Erth      0%         10d2      100%        8


Dungeon Overview and Level Annotations

Branches:
Dungeon (4/15)             Temple (0/1) D:4

Altars:

Shops:
D:4 *

Annotations:
D:2 1 runed translucent door, Crazy Yiuf


Innate Abilities, Weirdness & Mutations

You cannot wear most types of armour.
You are amphibious.
You can wear up to eight rings at the same time.
Your skin changes colour to match your surroundings (Stealth+).
Your rubbery body absorbs attacks. (AC +1, EV +1)
((You are camouflaged when in or above water. (Stealth+)))
You have tentacles for arms and can constrict up to eight enemies at once.


Message History

* * * LOW HITPOINT WARNING * * *
The orc wizard shouts!
You hit the orc but do no damage.
The orc is lightly wounded.
You constrict the orc.
You hear a shout!
The orc closely misses you.
You hit the orc.
You kill the orc!
The orc wizard casts a spell.
The orc wizard flickers and vanishes!
Deactivating autopickup; reactivate with Ctrl-A.
You closely miss the orc. You grab the orc. You constrict the orc.
The orc hits you with a +0 mace!
* * * LOW HITPOINT WARNING * * *
The orc barely misses you.
You feel better.
You constrict the orc. The orc barely misses you.
A red film seems to cover your vision as you go berserk!
You feel yourself moving faster!
You feel mighty!
You constrict the orc.
The orc shouts!
The orc misses you.
You slash the orc!
You kill the orc!
Something hits you.
* * * LOW HITPOINT WARNING * * *
Items here: $ ( ))) ††.
You slash something! Something hits you.
* * * LOW HITPOINT WARNING * * *
You closely miss something. Your squeeze misses something.
You hear some strange, mumbled words.
You are confused.
You miss something. Something hits you.
* * * LOW HITPOINT WARNING * * *
You bump into the rock wall.
You bump into the rock wall.
You feel a strong urge to attack something.
You hear some strange, mumbled words.
A magic dart appears from out of thin air!
The magic dart hits you!
You die...

##### #...# #...#
####...####
.#.........#####
..o............#
#.......o.#
####...#{## #
#....#@# .#.#...#.#
#.######.# #.# #....#
#########.###.####
............#.#
#######)###.#.#######
#.# #.......... #.#
###.#######


You could see an orc.

Vanquished Creatures
  An iguana (D:4)
  7 adders
  3 dart slugs (D:2)
  7 orcs
  2 bats
  7 endoplasms
  5 giant cockroaches
  3 goblins
  5 hobgoblins
  4 quokkas
  9 ball pythons
  7 frilled lizards
  3 kobolds
  4 rats
67 creatures vanquished.

Notes
Turn   | Place    | Note
-------+----------+-------------------------------------------
     0 | D:1      | frimble the Octopode Warper began the quest for the Orb.
     0 | D:1      | Reached XP level 1. HP: 14/14 MP: 3/3
     0 | D:1      | Noticed an ice dragon
     0 | D:1      | Noticed an orb of fire
     1 | D:1      | Noticed a large abomination
     2 | D:1      | Noticed an orb of fire
     5 | D:1      | Noticed a green draconian
     7 | D:1      | Noticed a large abomination
     8 | D:1      | Noticed a tentacled monstrosity
    11 | D:1      | Noticed an iron dragon
    11 | D:1      | Noticed a green draconian
    13 | D:1      | Noticed a shadow dragon
    15 | D:1      | Noticed a red draconian
    15 | D:1      | Noticed a shadow dragon
    15 | D:1      | Noticed an iron dragon
    17 | D:1      | Noticed an ice dragon
    17 | D:1      | Noticed an iron dragon
    19 | D:1      | Noticed a tentacled monstrosity
    19 | D:1      | Noticed an iron dragon
    21 | D:1      | Noticed an iron dragon
   208 | D:1      | Reached XP level 2. HP: 19/19 MP: 5/5
   211 | D:1      | Learned a level 2 spell: Blink
   313 | D:1      | Found a faded altar of an unknown god.
   485 | D:1      | Reached skill level 1 in Stealth
   938 | D:1      | Reached XP level 3. HP: 22/24 MP: 6/6
  1649 | D:2      | Reached XP level 4. HP: 29/29 MP: 7/7
  1748 | D:2      | Found a runed translucent door.
  1749 | D:2      | Noticed Crazy Yiuf
  3072 | D:4      | Found Gabogh's Assorted Antiques.
  3082 | D:4      | Reached skill level 4 in Translocations
  3082 | D:4      | Reached XP level 5. HP: 34/34 MP: 8/8
  3084 | D:4      | Bought 2 fuming dark potions for 34 gold pieces
  3084 | D:4      | Bought a scroll of identify for 38 gold pieces
  3096 | D:4      | Found a staircase to the Ecumenical Temple.
  3257 | D:4      | HP: 1/34 [orc/+0 mace (7)]
  3266 | D:4      | Killed from afar by an orc wizard

Illustrated notes

Levels and vault maps discovered:
D:1:      shiori_arrival_whats_in_store_for_you, layout_basic,
          nicolae_ecumenical_snake_handling, dk_noncrumbling_4
D:2:      layout_loops_ring, minmay_tetromino_o2, uniq_crazy_yiuf_cottage
D:3:      layout_rooms
D:4:      layout_loops_ring, minmay_temple_entry_mist, serial_shops, shop,
          dk_rats_in_the_wall

Skill      XL: |  1  2  3  4 |
---------------+-------------+-----
Stealth        | 1 2 3 |  3.7
Long Blades    | 3 |  3.4
Translocations | 4 |  4.1
Fighting       | |  2.1
Throwing       | |  1.1
Dodging        | |  2.4
Spellcasting   | |  2.0

Action                   |  1- 3 |  4- 6 || total
-------------------------+-------+-------++-------
Melee: Falchion          |     6 |       ||     6
       Long sword        |    58 |    57 ||   115
       Constrict         |    16 |    16 ||    32
       Punch             |     2 |     1 ||     3
       Tentacles         |     9 |    10 ||    19
  Use: Scroll            |     4 |    13 ||    17
       Potion            |       |     2 ||     2
 Stab: Sleeping          |     9 |     7 ||    16
Armor: Skin              |     1 |     3 ||     4
Dodge: Dodged            |    25 |    30 ||    55

Table legend: (Time is in decaauts)
 A = Elapsed time spent in this place.
 B = Non-inter-level travel time spent in this place.
 C = Inter-level travel time spent in this place.
 D = Time resting spent in this place.
 E = Time spent auto-exploring this place.
 F = Levels seen in this place.
 G = Mean time per level.
                   A        B        C        D        E       F      G
               +--------+--------+--------+--------+--------+-----+--------+
         Total |   3294 |   3114 |    180 |    159 |   2452 |   4 |  823.5 |
       Dungeon |   3294 |   3114 |    180 |    159 |   2452 |   4 |  823.5 |
               +--------+--------+--------+--------+--------+-----+--------+

Top non-repeatable levels by time:
     D:2: 1358 daAuts
     D:1: 1055 daAuts
     D:3: 656 daAuts
     D:4: 223 daAuts
